 Dungeon Crawl Stone Soup version 0.31-a0-986-g5e6e4ef867 (webtiles) character file.

Game seed: 3512183859567858625

2331 javelincjr the Mimic (level 9, -1/74 HPs)
             Began as a Red Draconian Shapeshifter on Nov 9, 2023.
             Was an Initiate of Qazlal.
             Slain by Duvessa
             ... wielding a +0 rapier
              (6 damage)
             ... on level 6 of the Dungeon on Nov 10, 2023.
             The game lasted 00:22:16 (5403 turns).

javelincjr the Mimic (Red Draconian Shapeshifter)   Turns: 5403, Time: 00:22:16

Health: -1/74      AC:  9    Str: 21    XL:     9   Next: 19%
Magic:  9/9        EV: 13    Int: 11    God:    Qazlal [......]
Gold:   192        SH:  0    Dex: 10    Spells: 8/8 levels left

rFire   + . .        e - melded +3 dagger (spect)
rCold   + . .        (shield currently unavailable)
rNeg    . . .        (body armour unavailable)
rPois   .            (helmet restricted)
rElec   .            j - +1 cloak
rCorr   .            (no gloves)
SInv    .            (no boots)
Will    .....        (no amulet)
Stlth   +            D - ring of protection from cold
HPRegen 0.32/turn    (no ring)
MPRegen 0.11/turn

%: no passive effects
@: flux-form, glowing, studying Short Blades
A: glow, contaminating, breathe fire, AC +7, unfitting armour, fire resistance
1, cold-blooded
a: Breathe Fire, Begin Untransformation, Renounce Religion


You were on level 6 of the Dungeon.
You worshipped Qazlal.
Qazlal was noncommittal.
You were something dangerously unstable.
You visited 2 branches of the dungeon, and saw 7 of its levels.

You collected 192 gold pieces.

Inventory:

Hand Weapons
 e - a +3 spectral dagger (melded)
 i - a +2 quarterstaff of chaos
 u - a +0 morningstar of flaming
 B - a +4 flail of protection
Missiles
 f - 34 stones
 x - 9 poisoned darts
Armour
 g - a +2 cloak
 j - a +1 cloak (worn)
Jewellery
 k - an amulet of faith
 D - a ring of protection from cold (left hand)
Talismans
 b - a beast talisman
 c - a flux talisman (active)
Wands
 l - a wand of roots (10)
 y - a wand of digging (4)
 A - a wand of quicksilver (12)
 C - a wand of charming (6)
Scrolls
 h - a scroll of amnesia
 w - a scroll of immolation
Potions
 a - a potion of lignification
 d - a potion of berserk rage {unknown}
 m - a potion of invisibility {unknown}
 o - 2 potions of curing
 p - 2 potions of heal wounds
 q - a potion of might
 s - a potion of magic {unknown}
 E - a potion of haste {unknown}


   Skills:
 + Level 5.3 Fighting
 + Level 4.7 Dodging
 + Level 5.7 Unarmed Combat
 * Level 8.8 Shapeshifting


You had 8 spell levels left.
You didn't know any spells.
Your spell library contained the following spells:

 Spells                   Type           Power      Damage    Failure   Level
 Call Canine Familiar     Summ           0%         N/A       71%         3
 Sigil of Binding         Hex            0%         N/A       71%         3
 Dimensional Bullseye     Hex/Tloc       0%         N/A       98%         4
 Leda's Liquefaction      Hex/Erth       0%         N/A       98%         4


Dungeon Overview and Level Annotations

Branches:
Dungeon (6/15)             Temple (1/1) D:6

Altars:
Ashenzari
Cheibriados
Elyvilon
Gozag
Kikubaaqudgha
Nemelex Xobeh
Okawaru
Qazlal
Sif Muna
Vehumet
Xom
Yredelemnul
Zin
The Shining One

Shops:
D:1 =

Annotations:
D:6 3 runed translucent doors, Duvessa


Innate Abilities, Weirdness & Mutations

You are something dangerously unstable.
You glow with magical radiation, making you easy to see and hit.
Foes you strike become dangerously contaminated with magical radiation.
You are incapable of wielding weapons or throwing items.
You can breathe blasts of fire.
Your fiery red scales are hard. (AC +7)
You cannot fit into any form of body armour.
Your flesh is heat resistant. (rF+)
You are cold-blooded and may be slowed by cold attacks.


Message History

You breathe a blast of fire.
The fiery breath hits Duvessa!
Duvessa is moderately wounded.
Duvessa hits you with a +0 rapier! Duvessa barely misses you.
You hit Duvessa.
Duvessa begins to glow.
You tail-slap Duvessa, but do no damage.
Duvessa is moderately wounded.
Duvessa hits you with a +0 rapier!
You hit Duvessa but do no damage.
Duvessa glows dangerously bright.
You tail-slap Duvessa, but do no damage.
Duvessa is moderately wounded.
Duvessa hits you with a +0 rapier. Duvessa hits you with a +0 rapier!!
You hit Duvessa but do no damage.
Duvessa shudders as magic cascades through her.
Duvessa twists and deforms.
Duvessa is moderately wounded.
Duvessa hits you with a +0 rapier.
* * * LOW HITPOINT WARNING * * *
You hit Duvessa.
Duvessa begins to glow.
Duvessa is heavily wounded.
Duvessa hits you with a +0 rapier.
* * * LOW HITPOINT WARNING * * *
You hit Duvessa.
Duvessa glows dangerously bright.
You tail-slap Duvessa, but do no damage.
Duvessa is heavily wounded.
Duvessa completely misses you. Duvessa misses you.
You hit Duvessa.
Duvessa shudders as magic cascades through her.
Duvessa twists and deforms.
Your tail-slap misses Duvessa.
Duvessa is heavily wounded.
Duvessa hits you with a +0 rapier.
* * * LOW HITPOINT WARNING * * *
You hit Duvessa but do no damage.
Duvessa begins to glow.
Duvessa is heavily wounded.
You have got your breath back.
Duvessa hits you with a +0 rapier.
* * * LOW HITPOINT WARNING * * *
You hit Duvessa.
Duvessa glows dangerously bright.
Duvessa is heavily wounded.
Duvessa hits you with a +0 rapier.
You die...

... ##...... .#
.##.#.#.# #......#
......e ##...####
...... #...## >.e.
##...# ... ####...##
###.# ####......#
..###...####........##
.........ep.......###
#####.#####...##### #
#####


You could see Duvessa (berserk, fast, heavy contam, misshapen).

Vanquished Creatures
  Prince Ribbit (D:5)
  Grinder (D:5)
  Sigmund (D:2)
  Edmund (D:5)
  An orc warrior (D:6)
  2 ice beasts
  2 ogres
  4 scorpions
  Dowan (D:6)
  5 hounds
  5 iguanas (D:5)
  3 orc priests
  Crazy Yiuf (D:2)
  2 jellies
  A sleepcap (D:5)
  Ijyb (D:5)
  Natasha (thrice) (D:2)
  4 orc wizards
  A statue (D:3)
  10 adders
  A gnoll (D:1)
  A white imp (D:5)
  An ufetubus (D:5)
  3 worms
  A dart slug (D:3)
  10 orcs
  6 bats
  7 endoplasms
  3 giant cockroaches
  3 goblins
  6 hobgoblins
  13 jackals
  6 quokkas
  9 ball pythons
  6 frilled lizards
  7 kobolds
  8 rats
141 creatures vanquished.

Notes
Turn   | Place    | Note
-------+----------+-------------------------------------------
     0 | D:1      | javelincjr the Draconian Shapeshifter began the quest for
                  | the Orb.
     0 | D:1      | Reached XP level 1. HP: 16/16 MP: 1/1
    14 | D:1      | Found Golir's Jewellery Emporium.
   120 | D:1      | Reached XP level 2. HP: 21/23 MP: 2/2
   283 | D:1      | Reached XP level 3. HP: 28/29 MP: 3/3
   410 | D:1      | Found Noxocw's Antique Weapon Boutique.
   552 | D:2      | Noticed Natasha
   564 | D:2      | Killed Natasha
   565 | D:2      | Reached XP level 4. HP: 12/36 MP: 4/4
   653 | D:2      | Noticed Natasha
   664 | D:2      | Killed Natasha
   665 | D:2      | Reached skill level 4 in Shapeshifting
   791 | D:2      | Noticed Sigmund
   891 | D:2      | Noticed Natasha
   897 | D:2      | Killed Natasha
   898 | D:2      | Reached XP level 5. HP: 30/41 MP: 5/5
   986 | D:2      | Killed Sigmund
   987 | D:2      | Reached skill level 5 in Shapeshifting
   987 | D:2      | Reached XP level 6. HP: 33/48 MP: 6/6
  1166 | D:2      | Found a faded altar of an unknown god.
  1624 | D:2      | Found a runed translucent door.
  1625 | D:2      | Noticed Crazy Yiuf
  1633 | D:2      | Killed Crazy Yiuf
  1634 | D:2      | Reached skill level 6 in Shapeshifting
  1970 | D:3      | Found a radiant altar of Vehumet.
  3255 | D:4      | Your scales start taking on a fiery red colour.
  3255 | D:4      | Reached XP level 7. HP: 52/56 MP: 7/7
  3255 | D:4      | Gained mutation: Your flesh is heat resistant. (rF+) [Red
                  | Draconian growth]
  3626 | D:5      | Entered Level 5 of the Dungeon
  3837 | D:5      | Reached skill level 7 in Shapeshifting
  3854 | D:5      | Noticed Edmund
  3855 | D:5      | Noticed Ijyb
  3863 | D:5      | Killed Edmund
  3866 | D:5      | Killed Ijyb
  3941 | D:5      | Noticed Grinder
  3941 | D:5      | Noticed Prince Ribbit
  3966 | D:5      | Killed Grinder
  3967 | D:5      | Reached XP level 8. HP: 54/66 MP: 8/8
  4028 | D:5      | Found a broken altar of Ashenzari.
  4069 | D:5      | Killed Prince Ribbit
  4221 | D:5      | Found a glowing golden altar of the Shining One.
  4243 | D:5      | Found a shimmering altar of Xom.
  4351 | D:5      | Reached skill level 8 in Shapeshifting
  4420 | D:5      | Reached skill level 5 in Unarmed Combat
  4806 | D:6      | Identified the "Norgherch"
  4905 | D:6      | Reached skill level 5 in Fighting
  4905 | D:6      | Reached XP level 9. HP: 23/74 MP: 9/9
  5127 | D:6      | Found a staircase to the Ecumenical Temple.
  5146 | Temple   | Entered the Ecumenical Temple
  5203 | Temple   | Became a worshipper of Qazlal Stormbringer
  5259 | D:6      | Found a runed translucent gate.
  5259 | D:6      | Found a runed translucent gate.
  5260 | D:6      | Found a runed translucent gate.
  5384 | D:6      | Noticed Dowan
  5384 | D:6      | Noticed Duvessa
  5394 | D:6      | Killed Dowan
  5403 | D:6      | Slain by Duvessa

Illustrated notes

Levels and vault maps discovered:
D:1:      nicolae_arrival_memento_mori, layout_rooms, serial_shops,
          nicolae_shop_getting_attention, shop
D:2:      layout_basic, serial_curves, eino_curves_04, eino_curves_04,
          ebering_ecumenical_altar_petrified, uniq_sigmund, uniq_natasha,
          uniq_crazy_yiuf_cottage
D:3:      minmay_recursive_quarters, layout_loops_ring, vehumet_statue
D:4:      layout_basic
D:5:      layout_basic, mainiacjoe_overflow_tiny_flanked,
          nicolae_ashenzari_skybound, mainiacjoe_overflow_concentric_impassable,
          minmay_manual_mullet, uniq_edmund, uniq_grinder, uniq_ijyb,
          uniq_prince_ribbit1
D:6:      layout_rooms, minmay_temple_entry_water_ring,
          gammafunk_ghost_necromancy, serial_curves, eino_curves_02,
          eino_curves_04, hangedman_decor_riveting, uniq_duvessa
Temple:   compressed_dpeg_circular_temple

Skill      XL: |  1  2  3  4  5  6  7  8 |
---------------+-------------------------+-----
Dodging        | 2 3 4 |  4.7
Fighting       | 2 3 5 |  5.3
Shapeshifting  | 4 5 6 7 8 |  8.8
Unarmed Combat | 4 5 |  5.7

Action                     |  1- 3 |  4- 6 |  7- 9 || total
---------------------------+-------+-------+-------++-------
  Melee: Unarmed           |    74 |    29 |   216 ||   319
         Tailslap          |     9 |    22 |    34 ||    65
         Punch             |     1 |     3 |       ||     4
         Dagger            |    48 |   118 |       ||   166
Ability: Breathe Fire      |       |       |    12 ||    12
    Use: Potion            |       |     1 |     1 ||     2
         Scroll            |       |       |    11 ||    11
   Stab: Sleeping          |       |     1 |       ||     1
 Armour: Skin              |    97 |    95 |   134 ||   326
  Dodge: Dodged            |   117 |   107 |   104 ||   328
   Form: Flux              |       |     1 |       ||     1

Table legend: (Time is in decaauts)
 A = Elapsed time spent in this place.
 B = Non-inter-level travel time spent in this place.
 C = Inter-level travel time spent in this place.
 D = Time resting spent in this place.
 E = Time spent auto-exploring this place.
 F = Levels seen in this place.
 G = Mean time per level.
                   A        B        C        D        E       F      G
               +--------+--------+--------+--------+--------+-----+--------+
         Total |   5446 |   5317 |    129 |    188 |   3970 |   7 |  778.0 |
       Dungeon |   5358 |   5229 |    129 |    188 |   3970 |   6 |  893.0 |
        Temple |     87 |     87 |      0 |      0 |      0 |   1 |   87.0 |
               +--------+--------+--------+--------+--------+-----+--------+

Top non-repeatable levels by time:
     D:2: 1350 daAuts
     D:5: 1218 daAuts
     D:4: 936 daAuts
     D:3: 795 daAuts
     D:1: 554 daAuts
     D:6: 503 daAuts
  Temple: 87 daAuts
